 Dungeon Crawl Stone Soup version 0.23-a0-470-g6f7cfd9 (webtiles) character file.

20 Lavandula the Gusty (level 2, -2/22 HPs)
             Began as a Naga Air Elementalist on Nov 26, 2018.
             Was an Initiate of Ru.
             Slain by a worker ant (3 damage)
             ... on level 4 of the Dungeon.
             The game lasted 00:01:49 (332 turns).

Lavandula the Gusty (Naga Air Elementalist)          Turns: 332, Time: 00:01:50

Health: -2/22      AC:  1    Str: 10    XL:     2   Next: 79%
Magic:  5/5        EV: 10    Int: 15    God:    Ru [......]
Gold:   41         SH:  0    Dex: 11    Spells: 5/6 levels left

rFire    . . .     SeeInvis +   d - +0 dagger
rCold    . . .     Gourm    .   (no shield)
rNeg     . . .     Faith    .   a - +0 robe
rPois    +         Spirit   .   (no helmet)
rElec    .         Reflect  .   (no cloak)
rCorr    .         Harm     .   (no gloves)
MR       .....                  (no barding)
Stlth    ++........             (no amulet)
HPRegen  0.07/turn              (no ring)
MPRegen  0.09/turn              (no ring)

@: lethally poisoned (-2 -> -7), hasted, quick
A: large, see invisible, deformed body, poison resistance, slowness 2, slow
metabolism 1, spit poison 1, AC +0
a: Spit Poison, Renounce Religion


You were on level 4 of the Dungeon.
You worshipped Ru.
Ru was noncommittal.
You were not hungry.

You visited 1 branch of the dungeon, and saw 5 of its levels.

You collected 41 gold pieces.

Inventory:

Hand Weapons
 d - a +0 dagger (weapon)
Armour
 a - a +0 robe (worn)
Magical Staves
 h - an uncursed staff of earth {unknown}
Wands
 j - a wand of digging (7)
Scrolls
 b - a scroll of enchant weapon {unknown}
 f - a scroll of teleportation {unknown}
 g - a scroll of immolation {unknown}
Potions
 i - a potion of haste
Comestibles
 c - a ration


   Skills:
 - Level 1.7 Dodging
 - Level 3.1 Stealth
 + Level 2.5 Spellcasting
 - Level 1.0 Conjurations
 - Level 3.3 Air Magic


You had 5 spell levels left.
You knew the following spells:

 Your Spells              Type           Power        Failure   Level  Hunger
a - Shock                 Conj/Air       #...         9%          1    #......

Your spell library contained the following spells:

 Spells                   Type           Power        Failure   Level  Hunger
 Swiftness                Chrm/Air       #.......     16%         2    ###....
 Static Discharge         Conj/Air       #.......     26%         3    ###....
 Airstrike                Air            ##........   47%         4    #####..
 Lightning Bolt           Conj/Air       #.........   93%         5    ######.


Dungeon Overview and Level Annotations

Branches:
Dungeon (5/15)
 Temple: D:4-7

Altars:
Ashenzari
Ru


Innate Abilities, Weirdness & Mutations

You cannot wear boots.
Your serpentine skin is tough. (AC +0)
You have supernaturally acute eyesight. (SInv)
Armour fits poorly on your strangely shaped body.
Your system is resistant to poisons. (rPois)
You cover ground very slowly.
You have a slow metabolism.
You can spit poison.


Message History

Unknown command.
Okay, then.
You feel sick.
Casting: Shock (safe; 9% risk of failure)
Confirm with . or Enter, or press ? or * to list all spells.
You don't have enough magic to cast that spell.
You hit the worker ant but do no damage.
The worker ant is severely wounded.
The worker ant bites you.
* * * LOW HITPOINT WARNING * * *
The worker ant barely misses you.
Unknown command.
It was a potion of haste.
You feel yourself speed up.
You have got your breath back.
* * * LOW HITPOINT WARNING * * *
You feel sick. The worker ant bites you.
* * * LOW HITPOINT WARNING * * *
It was a potion of magic.
Magic courses through your body. The worker ant bites you.
You die...

...# #...# #...# #...#
## #...# # ##
#.########...####.#
#...#.#................
#.....a................
#.#.#.#@......>........
#.########...##### #.
#...# #. #..<# #. #...#
.. #...# ## #...# .....
......


You could see a worker ant.

Vanquished Creatures
  An adder (D:2)
  A worm (D:3)
  2 giant cockroaches
  2 goblins
  A bat (D:2)
  2 frilled lizards
9 creatures vanquished.

Notes
Turn   | Place    | Note
-------+----------+-------------------------------------------
     0 | D:1      | Lavandula the Naga Air Elementalist began the quest for the
                  | Orb.
     0 | D:1      | Reached XP level 1. HP: 15/15 MP: 3/3
    10 | D:2      | Reached XP level 2. HP: 19/22 MP: 0/5
    66 | D:3      | Found a faded altar of an unknown god.
   192 | D:3      | Found a sacrificial altar of Ru.
   202 | D:3      | Became a worshipper of Ru the Awakened
   264 | D:3      | Found a shattered altar of Ashenzari.
   310 | D:5      | Entered Level 5 of the Dungeon
   331 | D:4      | HP: 1/22 [worker ant (4)]
   332 | D:4      | Slain by a worker ant

Vault maps used:
D:1:      minmay_arrival_jagged, serial_bayou, serial_bayou_lagoon_b,
          serial_bayou_lagoon_a, serial_bayou_pond_e, serial_bayou_pond_e,
          serial_bayou_ford_a, minmay_bisected
D:3:      nicolae_ashenzari_panopticon, chequers_ecumenical_altar_simple_redux,
          nicolae_ru_sacrificial_ziggurat
D:4:      xom_redecorated, minmay_temple_entry_stoned_glass, first_ration
D:5:      black_bear_nest_1, okawaru_altar_gauntlet_db, tgw_sif

Action                   || total
-------------------------++-------
Melee: Dagger            ||     1
 Cast: Shock             ||    14
 Abil: Spit Poison       ||     9
  Use: Potion            ||     2
Armor: Robe              ||     1
Dodge: Dodged            ||     6

Table legend:
 A = Non-vault XP
 B = Vault XP
 C = Vault XP percentage of total XP
 D = Non-vault monster count
 E = Vault monster count
 F = Vault count percentage of total count
                 A         B        C        D         E       F
            +---------+---------+-------+---------+---------+-------
      Total |      29 |       0 |   0.0 |       9 |       0 |   0.0
            +---------+---------+-------+---------+---------+-------
        D:2 |      17 |       0 |   0.0 |       4 |       0 |   0.0
        D:3 |      10 |       0 |   0.0 |       4 |       0 |   0.0
        D:4 |       2 |       0 |   0.0 |       1 |       0 |   0.0
            +---------+---------+-------+---------+---------+-------
